cohdb
Replays
Latest Replays
All Replays
Popular Replays
Top Player Replays
Match Explorer
How It Works
Community
CoH3 Stats
Reddit
Sign in to upload your games and track your stats! →
Sign in with Steam
Match 42475068
Unlisted
Match 42475068
Overview
Messages
Build Orders
End
Panzergrenadier Squad
Selects Panzerjäger Kommand Battlegroup
Selects Blockade Equipment
Panzergrenadier Squad
Construct Light Support Kompanie
Panzerjäger Squad
Selects Tank Busters
Fire Support Elements
Assault Grenadier Squad
le.IG 18 Support Gun Team
Panzerjäger Mechanized Group
Flakvierling Half-track
Selects Crew Shock Tactics
Veteran Squad Leaders
Construct Panzerarmee Kommand
Selects Defensive Positions
2.5-tonne Medical Truck
Panzerjäger Mechanized Group
Walking Stuka Rocket Launcher
Selects Butterfly Bomb Drop
Butterfly Bomb Drop
Panzergrenadier Squad
Butterfly Bomb Drop
tom Bradley
coc1129
뉴이르
Hex
mp5
Dawes
wije
Whitent
0
0
Comments
sign in to comment!
No comments posted yet!